 Dungeon Crawl Stone Soup version 0.19.5 (webtiles) character file.

23 snowfan the Caller (level 2, -3/19 HPs)
             Began as a Mummy Summoner on May 7, 2017.
             Slain by Terence
             ... wielding a +0 falchion of venom
              (6 damage)
             ... on level 2 of the Dungeon.
             The game lasted 00:09:54 (2972 turns).

snowfan the Caller (Mummy Summoner)                 Turns: 2972, Time: 00:09:55

Health: -3/19      AC:  2    Str: 11    XL:     2   Next: 75%
Magic:  2/5        EV: 12    Int: 14    God:
Gold:   24         SH:  0    Dex: 12    Spells: 2 memorised, 3 levels left

rFire  x . .     SeeInvis .     i - +0 whip
rCold  + + .     Gourm    .     a - +0 robe
rNeg   + + +     Faith    .     (no shield)
rPois  ∞         Spirit   .     (no helmet)
rElec  .         Reflect  .     (no cloak)
rCorr  .         Harm     .     (no gloves)
MR     .....                    (no boots)
Stlth  ++........               (no amulet)
                                (no ring)
                                k - ring of protection from cold

@: no status effects
A: no food or potions, fire vulnerability, cold resistance 1, negative energy
resistance 3, torment resistance, unbreathing
a: no special abilities


You were on level 2 of the Dungeon.
You were not hungry.

You visited 1 branch of the dungeon, and saw 2 of its levels.

You collected 24 gold pieces.

Inventory:

Hand Weapons
 c - a +0 club
 i - a +0 whip (weapon)
Armour
 a - a +0 robe (worn)
Jewellery
 k - a ring of protection from cold (left hand)
Scrolls
 d - 3 scrolls of remove curse {unknown}
 e - a scroll of fog {unknown}
 f - a scroll of enchant weapon {unknown}
 g - a scroll of blinking {unknown}
 h - 3 scrolls of noise {unknown}
 j - a scroll of identify {unknown}
Books
 b - a book of Callings

   Spells                             Type                      Level
   a - Summon Small Mammal            Summoning                    1
   b - Call Imp                       Summoning                    2
   c - Call Canine Familiar           Summoning                    3
   d - Summon Guardian Golem          Hexes/Summoning              3
   e - Summon Lightning Spire         Summoning/Air                4
   f - Summon Ice Beast               Ice/Summoning                4


   Skills:
 - Level 1.5 Dodging
 - Level 1.5 Stealth
 * Level 2.9 Spellcasting
 + Level 3.4 Summonings


You had 3 spell levels left.
You knew the following spells:

 Your Spells              Type           Power        Failure   Level  Hunger
a - Summon Small Mammal   Summ           ##..         6%          1    N/A
i - Call Imp              Summ           ##......     10%         2    N/A

Dungeon Overview and Level Annotations

Branches:
Dungeon (2/15)

Altars:
Kikubaaqudgha

Annotations:
D:2 1 runed door, Terence


Innate Abilities, Weirdness & Mutations

You do not eat or drink.
Your flesh is vulnerable to fire.
You are immune to poison.
Your flesh is cold resistant. (rC+)
You are immune to negative energy. (rN+++)
You are immune to unholy pain and torment.
You can survive without breathing.


Message History

Your crimson imp hits Terence but does no damage.
You hit Terence but do no damage.
Terence is heavily wounded.
Terence completely misses you.
Your crimson imp closely misses Terence.
You barely miss Terence.
Terence is heavily wounded.
Terence hits you with a falchion of venom.
Your crimson imp barely misses Terence.
You hit Terence but do no damage.
Terence is heavily wounded.
Terence hits you with a falchion of venom.
* * * LOW HITPOINT WARNING * * *
Your crimson imp hits Terence.
You are too injured to fight recklessly!
Your crimson imp disappears in a puff of smoke!
You see here an amethyst potion.
Terence says, "Time to say good-bye..."
Terence hits you with a falchion of venom.
You die...

#.# #.# #.###.##
##.##...##
##.#..#...#
##.###!.#.##
##.##
##....##### #.##
##.......##
##.##
##....####.#
##@###.##### #.#
##@#.## #.#
##..# #.# ##.#
#.# #.# #.# #.#
#.# ####)####
#.# #.......#
#.#
#..)....######.#


You could see Terence.

Vanquished Creatures
  A worm (D:2)
  A giant cockroach (D:2)
  A goblin (D:2)
  3 hobgoblins
  4 kobolds
  A quokka (D:2)
  2 rats (D:1)
13 creatures vanquished.

Vanquished Creatures (collateral kills)
  2 bats (D:1)
  2 goblins (D:1)
  A hobgoblin (D:2)
  2 kobolds (D:1)
  A rat (D:2)
8 creatures vanquished.

Grand Total: 21 creatures vanquished

Notes
Turn   | Place    | Note
-------+----------+-------------------------------------------
     0 | D:1      | snowfan the Mummy Summoner began the quest for the Orb.
     0 | D:1      | Reached XP level 1. HP: 13/13 MP: 3/3
  1105 | D:1      | Reached XP level 2. HP: 19/19 MP: 0/5
  1405 | D:2      | Found a runed door.
  1652 | D:2      | Found an ancient bone altar of Kikubaaqudgha.
  2262 | D:2      | Noticed Terence
  2275 | D:2      | Learned a level 2 spell: Call Imp
  2972 | D:2      | Slain by Terence

Action                   || total
-------------------------++-------
Melee: Whip              ||    64
       Club              ||     1
 Cast: Summon Small Mamm ||    28
       Call Imp          ||    12
Armor: Robe              ||    13
Dodge: Dodged            ||    58
